 Dungeon Crawl Stone Soup version 0.30.0 (webtiles) character file.

Game seed: 17240437940634872467

9 Dani the Trooper (level 2, 18/24 HPs)
             Began as a Demonspawn Fighter on May 20, 2023.
             Quit the game on level 1 of the Dungeon.
             The game lasted 00:00:39 (205 turns).

Dani the Trooper (Demonspawn Fighter)                Turns: 205, Time: 00:00:39

Health: 18/24      AC:  7    Str: 16    XL:     2   Next: 3%
Magic:  2/2        EV:  8    Int:  9    God:
Gold:   12         SH:  4    Dex: 12    Spells: 1/1 levels left

rFire   . . .        a - +0 war axe
rCold   . . .        c - +0 buckler
rNeg    . . .        b - +0 scale mail
rPois   .            (no helmet)
rElec   .            (no cloak)
rCorr   .            (no gloves)
SInv    .            (no boots)
Will    .....        (no amulet) Stlth
                     (no ring)
HPRegen 0.24/turn    (no ring)
MPRegen 0.08/turn

%: no passive effects
@: no status effects
A: rugged brown scales 1
a: no special abilities


You were on level 1 of the Dungeon.
You visited 1 branch of the dungeon, and saw 1 of its levels.

You collected 12 gold pieces.

Inventory:

Hand Weapons
 a - a +0 war axe (weapon)
Armour
 b - a +0 scale mail (worn)
 c - a +0 buckler (worn)
Scrolls
 f - a scroll of immolation {unknown}
 R - 2 scrolls of identify {@r1}
Potions
 d - a potion of might
 e - a potion of degeneration {unknown}


   Skills:
 - Level 3.0 Fighting
 + Level 2.5 Axes
 - Level 2.6 Armour
 - Level 2.6 Shields


You had one spell level left.
You didn't know any spells.
Your spell library was empty.

Dungeon Overview and Level Annotations

Branches:
Dungeon (1/15)

Altars:


Innate Abilities, Weirdness & Mutations

You are partially covered in rugged brown scales. (AC +1, +3% HP)


Message History

e - a fuming sapphire potion Unknown command.
Key pressed, stopping explore.
No target in view!
Key pressed, stopping explore.
No target in view!
Key pressed, stopping explore.
No target in view!
Key pressed, stopping explore.
No target in view!
Key pressed, stopping explore.
No target in view!
No target in view!
A goblin comes into view. It is wielding a +0 dagger.
The goblin shouts!
You hear an angry hiss.
You see here a scroll labelled VODEZXE GOPI.
A goblin is nearby!
A goblin is nearby!
A frilled lizard comes into view.
There are monsters nearby!
You completely miss the goblin. You block the goblin's attack.
The goblin hits you but does no damage.
You hit the goblin.
The goblin is heavily wounded.
You block the goblin's attack.
There are monsters nearby!
You hit the goblin.
You kill the goblin!
Your Axes skill increases to level 2!
A frilled lizard is nearby!
You barely miss the frilled lizard.
The frilled lizard bites you but does no damage.
You block the frilled lizard's attack.
A frilled lizard is nearby!
You hit the frilled lizard.
You kill the frilled lizard!
f - a scroll labelled VODEZXE GOPI No target in view!
Found 7 stones.
No target in view!
You see here 7 stones.
Key pressed, stopping explore.
A quokka comes into view.
As you read the scroll labelled VODEZXE GOPI, it crumbles to dust.
You feel aware of your surroundings.
You sensed 1 altar, and 2 shops/portals.
It was a scroll of magic mapping.
You block the quokka's attack.
You miss the quokka. The quokka bites you.
The quokka twitches its whiskers.
The quokka bites you.
You closely miss the quokka. The quokka bites you.
You closely miss the quokka.
The quokka bites you but does no damage.
The quokka barely misses you.
You slash the quokka!
You kill the quokka!
No target in view!
You see here a quokka corpse.
No target in view!
Found a scroll labelled NYCUYMN PYTEQ.
A hobgoblin comes into view.
The hobgoblin shouts!
Found 18 gold pieces and a spear.
You see here a scroll labelled NYCUYMN PYTEQ.
f - a scroll labelled NYCUYMN PYTEQ An endoplasm comes into view.
The endoplasm quivers.
You hit the hobgoblin.
The hobgoblin is almost dead.
The hobgoblin hits you but does no damage.
You closely miss the hobgoblin.
The hobgoblin is almost dead.
You block the hobgoblin's attack.
The hobgoblin hits you but does no damage.
You barely miss the hobgoblin.
The hobgoblin is almost dead.
The hobgoblin hits you but does no damage.
You slash the hobgoblin!
You kill the hobgoblin!
You hit the endoplasm.
The endoplasm is moderately wounded.
The endoplasm hits you but does no damage.
You hit the endoplasm.
You kill the endoplasm!
No target in view!
No target in view!
No target in view!
An endoplasm comes into view.
The endoplasm quivers.
Found a fizzy grey potion.
Found a short sword.
Found a faded altar of an unknown god.
The endoplasm hits you but does no damage.
You slash the endoplasm!
You kill the endoplasm!
You have reached level 2!
Your demonic ancestry asserts itself...
Rugged brown scales grow over part of your body.
Are you sure you want to abandon this character and quit the game? (Confirm with "yes".)

#.#.###........#*,# *
.....†.........#*.# ***********
#.#.###.##.#..###.#####.,,,,,,,,,
#.#.# #.......#P.~P...P.,,,******
(...# #.###...#.PP..!...**,***
#.### #.##.....#.P....P.,,,,,*
#.# #........#)....~..**,*,* #.#
####$....#..~.....**,*,* #.#
#...PP#@~.PP...,,,,,**** #.#
*****#......#.#^.#..,,,,,,,,,
#.#**,...)......#_#,,#,,,,,,,,,,,
...,,.........P.###***,,,,,,,,,,,
*,*,,...........P#,,,,,,,,**,,,,,
*,*,,#####.......#,,,,,,,,,,,,,,,
,,*,,* #...#..##*,,,,,,***,****
,**,,* #...#...,,,**,,,,,,,*
,**,,* #...#.###,,,,,,,********


There were no monsters in sight!

Vanquished Creatures
  2 endoplasms (D:1)
  A giant cockroach (D:1)
  A goblin (D:1)
  A hobgoblin (D:1)
  A quokka (D:1)
  A frilled lizard (D:1)
7 creatures vanquished.

Vanquished Creatures (others)
  2 plants (D:1)
2 creatures vanquished.

Grand Total: 9 creatures vanquished

Notes
Turn   | Place    | Note
-------+----------+-------------------------------------------
     0 | D:1      | Dani the Demonspawn Fighter began the quest for the Orb.
     0 | D:1      | Reached XP level 1. HP: 18/18 MP: 1/1
   155 | D:1      | Reached skill level 2 in Axes
   203 | D:1      | Found a faded altar of an unknown god.
   205 | D:1      | Gained mutation: You are partially covered in rugged brown
                  | scales. (AC +1, +3% HP) [demonic ancestry]
   205 | D:1      | Reached XP level 2. HP: 18/24 MP: 2/2
   205 | D:1      | Quit the game

Illustrated notes

Levels and vault maps discovered:
D:1:      matt_arrival_spirals, layout_loops_cross,
          shapermc_ecumenical_altar_mp_ritualfount, serial_shops, shop_statue,
          shop, nrook_loot_triangle

Skill      XL: |  1 |
---------------+----+-----
Axes           | 2 |  2.5
Fighting       | |  3.0
Armour         | |  2.6
Shields        | |  2.6

Action                     || total
---------------------------++-------
  Melee: War axe           ||    20
    Use: Scroll            ||     2
 Armour: Scale mail        ||    10
  Dodge: Dodged            ||     4
  Block: Buckler           ||     6

Levels and vault maps discovered:
D:1:      matt_arrival_spirals, layout_loops_cross,
          shapermc_ecumenical_altar_mp_ritualfount, serial_shops, shop_statue,
          shop, nrook_loot_triangle

Table legend: (Time is in decaauts)
 A = Elapsed time spent in this place.
 B = Non-inter-level travel time spent in this place.
 C = Inter-level travel time spent in this place.
 D = Time resting spent in this place.
 E = Time spent auto-exploring this place.
 F = Levels seen in this place.
 G = Mean time per level.
                   A        B        C        D        E       F      G
               +--------+--------+--------+--------+--------+-----+--------+
         Total |    213 |    213 |      0 |      0 |    152 |   1 |  213.0 |
       Dungeon |    213 |    213 |      0 |      0 |    152 |   1 |  213.0 |
               +--------+--------+--------+--------+--------+-----+--------+

Top non-repeatable levels by time:
     D:1: 213 daAuts

Table legend:
 A = Kills in this place as a percentage of kills in the entire game.
 B = Kills by you in this place as a percentage of kills by you in the entire game.
 C = Kills by friends in this place as a percentage of kills by friends in the entire game.
 D = Other kills in this place as a percentage of other kills in the entire game.
 E = Experience gained in this place as a percentage of experience gained in the entire game.
 F = Experience gained in this place divided by the number of levels of this place that you have seen.
                   A       B       C       D       E      F
               +-------+-------+-------+-------+-------+----------------------
         Total | 100.0 | 100.0 |   N/A |   N/A | 100.0 |  13.0
       Dungeon | 100.0 | 100.0 |   N/A |   N/A | 100.0 |  13.0
               +-------+-------+-------+-------+-------+----------------------
